 Dungeon Sprint DCSS version 0.31-a0-799-g6bc09d010c (webtiles) character file.

Game seed: 15812650186184463547

1342 sircluck the Grappler (level 8, -2/92 HPs)
             Began as a Troll Berserker on Sept 19, 2023.
             Was a High Priest of Trog.
             Slain by a two-headed ogre
             ... wielding a +0 giant club
              (14 damage)
             ... in the Dungeon (Sprint III: "The Ten Rune Challenge").
             The game lasted 00:00:58 (362 turns).

sircluck the Grappler (Troll Berserker)              Turns: 362, Time: 00:00:58

Health: -2/92      AC:  4    Str: 28    XL:     8   Next: 35%
Magic:  7/7        EV: 12    Int:  3    God:    Trog [*****.]
Gold:   27         SH:  0    Dex:  9    Spells: 7/7 levels left

rFire   . .          .
                       - Unarmed
rCold   . . .        (no shield)
rNeg    . . .        a - +0 animal skin
rPois   .            (helmet restricted)
rElec   .            (no cloak)
rCorr   .            (gloves unavailable)
SInv    .            (boots unavailable)
Will    .....        (no amulet)
Stlth   +            (no ring)
HPRegen 1.15/turn    (no ring)
MPRegen 0.10/turn

%: no teleportation
@: no status effects
A: large, unfitting armour, claws 3, regeneration 1, shaggy fur 1, tough skin 1
a: Renounce Religion, Berserk, Trog's Hand, Brothers in Arms


You were in the Dungeon.
You worshipped Trog.
Trog was extremely pleased with you.
You visited 1 branch You collected 27 gold pieces.

Inventory:

Armour
 a - a +0 animal skin (worn)
Wands
 o - a wand of roots (6)
Scrolls
 g - a scroll of blinking
 i - a scroll of immolation {unknown}
 j - a scroll of identify {unknown}
 l - a scroll of poison {unknown}
 m - 2 scrolls of enchant weapon {unknown}
Potions
 b - a potion of curing
 c - 2 potions of heal wounds
 d - a potion of haste
 e - 2 potions of magic
 f - a potion of berserk rage
 h - 5 potions of mutation
 k - a potion of resistance {unknown}
 n - 2 potions of enlightenment
Miscellaneous
 p - a phantom mirror


   Skills:
 + Level 9.6 Fighting
 + Level 9.4 Dodging
 + Level 11.2 Unarmed Combat


You had 7 spell levels left.
You didn't know any spells.
Your spell library was empty.

Dungeon Overview and Level Annotations

Branches:
Dungeon (1/1)

Altars:
Cheibriados
Dithmenos
Elyvilon
Fedhas
Gozag
Hepliaklqana
Kikubaaqudgha
Makhleb
Nemelex Xobeh
Okawaru
Qazlal
Ru
Sif Muna
Trog
Uskayaw
Vehumet
Wu Jian
Xom
Yredelemnul
Zin
The Shining One
Jiyva
Lugonu


Innate Abilities, Weirdness & Mutations

You are too large for most types of armour.
You have claws for hands.
Your natural rate of healing is unusually fast.
You are covered in fur. (AC +1)
You have tough skin. (AC +1)


Message History

The two-headed ogre is moderately wounded.
The two-headed ogre barely misses you. x2
You scratch the two-headed ogre.
The two-headed ogre is heavily wounded.
The two-headed ogre closely misses you. x2
You barely miss the two-headed ogre.
The two-headed ogre is heavily wounded.
The two-headed ogre closely misses you.
The two-headed ogre hits you with a +0 dire flail!!
You mangle the two-headed ogre!!
The two-headed ogre is almost dead.
The two-headed ogre completely misses you.
The two-headed ogre barely misses you.
You scratch the two-headed ogre but do no damage.
The two-headed ogre is almost dead.
The two-headed ogre hits you with a +0 giant club!
The two-headed ogre hits you with a +0 dire flail!
You are too injured to fight recklessly!
You are too injured to fight recklessly!
You are too injured to fight recklessly!
You are too injured to fight recklessly!
You are too injured to fight recklessly!
You are too injured to fight recklessly!
You are too injured to fight recklessly!
You are too injured to fight recklessly!
You are too injured to fight recklessly!
The two-headed ogre attacks as it pursues you!
The two-headed ogre barely misses you. The two-headed ogre misses you.
You completely miss the two-headed ogre.
The two-headed ogre misses you.
The two-headed ogre hits you with a +0 giant club!!
* * * LOW HITPOINT WARNING * * *
You mangle the two-headed ogre!!
The two-headed ogre is heavily wounded.
You claw the two-headed ogre!
The two-headed ogre is severely wounded.
The two-headed ogre hits you with a +0 giant club!
* * * LOW HITPOINT WARNING * * *
The two-headed ogre hits you with a +0 giant club!
You die...

♣♣♣.###'#'###)##
♣...#..........#
♣...'.⌠........#
~.♣.#...######'#
....#)⌠.#__#...# # #
....#...#__#...#
.#.#
....#'###__#...##
#..
....#)::#__#...'##)#
....#___#__'...#@OO#
▓▓▓▓▓▓▓▓▓▓▓▓▓▓▓▓▓▓▓▓


You could see 2 two-headed ogres.

Vanquished Creatures
  A deep elf pyromancer (D)
  A shadow (D)
  A spatial vortex (D)
  A two-headed ogre (D)
  A scorpion (D)
  A water elemental (D)
  A necrophage (D)
  A jelly (D)
  Jessica (D)
  A wizard (D)
  A necromancer (D)
  3 humans (D)
  A kobold demonologist (D)
  An endoplasm (D)
  2 rats (D)
18 creatures vanquished.

Notes
Turn   | Place    | Note
-------+----------+-------------------------------------------
     0 | D        | sircluck the Troll Berserker began the quest for the Orb.
     0 | D        | Reached XP level 1. HP: 22/22 MP: 0/0
    10 | D        | Noticed Jessica
    11 | D        | Reached ** piety under Trog
    12 | D        | Killed Jessica
    13 | D        | Reached skill level 4 in Unarmed Combat
    13 | D        | Reached XP level 2. HP: 32/32 MP: 1/1
    13 | D        | Reached XP level 3. HP: 39/39 MP: 2/2
    46 | D        | Noticed a scorpion
    57 | D        | Killed a scorpion
    57 | D        | Reached *** piety under Trog
    58 | D        | Reached skill level 5 in Fighting
    58 | D        | Reached skill level 5 in Dodging
    58 | D        | Reached skill level 6 in Unarmed Combat
    58 | D        | Reached XP level 4. HP: 45/50 MP: 3/3
    87 | D        | Noticed a water elemental
    91 | D        | Killed a water elemental
    92 | D        | Reached XP level 5. HP: 59/59 MP: 4/4
   153 | D        | Noticed a shadow
   158 | D        | Killed a shadow
   159 | D        | Reached skill level 8 in Unarmed Combat
   159 | D        | Reached XP level 6. HP: 68/68 MP: 5/5
   200 | D        | Found a basalt altar of Yredelemnul.
   200 | D        | Found a shadowy altar of Dithmenos.
   200 | D        | Found a sacrificial altar of Ru.
   207 | D        | Reached **** piety under Trog
   233 | D        | Found a radiant altar of Vehumet.
   233 | D        | Found a shimmering blue altar of Sif Muna.
   233 | D        | Found an ancient bone altar of Kikubaaqudgha.
   239 | D        | Noticed a rust devil
   241 | D        | Reached ***** piety under Trog
   242 | D        | Reached skill level 9 in Unarmed Combat
   248 | D        | Found a glowing silver altar of Zin.
   248 | D        | Found a glowing golden altar of the Shining One.
   248 | D        | Found a white marble altar of Elyvilon.
   249 | D        | Noticed a deep elf pyromancer
   255 | D        | Killed a deep elf pyromancer
   256 | D        | Reached skill level 10 in Unarmed Combat
   256 | D        | Reached XP level 7. HP: 44/81 MP: 6/6
   294 | D        | Found a hide-covered altar of Uskayaw.
   294 | D        | Found an iron altar of Okawaru.
   294 | D        | Found a bloodstained altar of Trog.
   294 | D        | Found an ornate altar of the Wu Jian Council.
   294 | D        | Noticed a human
   295 | D        | Noticed a human
   298 | D        | Killed a human
   299 | D        | Reached XP level 8. HP: 92/92 MP: 7/7
   328 | D        | Found a blossoming altar of Fedhas.
   328 | D        | Found a stormy altar of Qazlal.
   328 | D        | Found a snail-covered altar of Cheibriados.
   328 | D        | Found a burning altar of Makhleb.
   328 | D        | Found a shimmering altar of Xom.
   329 | D        | Found a hazy altar of Hepliaklqana.
   329 | D        | Found an opulent altar of Gozag.
   329 | D        | Found a sparkling altar of Nemelex Xobeh.
   329 | D        | Found a corrupted altar of Lugonu.
   329 | D        | Found a viscous altar of Jiyva.
   336 | D        | Reached skill level 11 in Unarmed Combat
   362 | D        | Slain by a two-headed ogre

Illustrated notes

Levels and vault maps discovered:
D:        dungeon_sprint_mu [sprint_mu_entry_forest, sprint_mu_temple_rooms,
          sprint_mu_d1_spiders, sprint_mu_d2_genie, sprint_mu_d3_branching,
          sprint_mu_orc_legion, sprint_mu_elf_gauntlet, sprint_mu_hive_nellie,
          sprint_mu_lair_fedhas, sprint_mu_vaults_butterflies,
          sprint_mu_slime_circle, sprint_mu_shoals_kraken,
          sprint_mu_snake_twists, sprint_mu_blade_basic,
          sprint_mu_crypt_chambers, sprint_mu_tomb_spiral,
          sprint_mu_vestibule_basic, sprint_mu_gehenna_hellfire,
          sprint_mu_dis_giant, sprint_mu_tartarus_statrot,
          sprint_mu_cocytus_islands, sprint_mu_zot1]

Skill      XL: |  1  2  3  4  5  6  7  8 |
---------------+-------------------------+-----
Fighting       | 3 5 6 8 9 |  9.6
Dodging        | 3 5 6 8 9 |  9.4
Unarmed Combat | 4 6 8 10 11 | 11.2

Action                     |  1- 3 |  4- 6 |  7- 9 || total
---------------------------+-------+-------+-------++-------
  Melee: Unarmed           |    16 |    32 |    22 ||    70
         Punch             |     1 |     2 |     3 ||     6
 Invoke: Berserk           |       |     2 |     1 ||     3
 Armour: Animal skin       |     9 |    17 |    11 ||    37
  Dodge: Dodged            |     6 |     6 |    18 ||    30

Table legend: (Time is in decaauts)
 A = Elapsed time spent in this place.
 B = Non-inter-level travel time spent in this place.
 C = Inter-level travel time spent in this place.
 D = Time resting spent in this place.
 E = Time spent auto-exploring this place.
 F = Levels seen in this place.
 G = Mean time per level.
                   A        B        C        D        E       F      G
               +--------+--------+--------+--------+--------+-----+--------+
         Total |    381 |    381 |      0 |    132 |     52 |   1 |  381.0 |
       Dungeon |    381 |    381 |      0 |    132 |     52 |   1 |  381.0 |
               +--------+--------+--------+--------+--------+-----+--------+

Top non-repeatable levels by time:
       D: 381 daAuts
